 Dungeon Crawl Stone Soup version 0.30-a0-354-g6b83867211 (webtiles) character file.

Game seed: 89580425779520445

63 AmazingPX the Chiller (level 3, -3/27 HPs)
             Began as a Draconian Ice Elementalist on Nov 7, 2022.
             Slain by a gnoll
             ... wielding a +0 whip
              (6 damage)
             ... on level 2 of the Dungeon.
             The game lasted 00:05:21 (1357 turns).

AmazingPX the Chiller (Draconian Ice Elementalist)  Turns: 1357, Time: 00:05:22

Health: -3/27      AC:  5    Str: 10    XL:     3   Next: 89%
Magic:  0/6        EV: 12    Int: 17    God:
Gold:   37         SH:  0    Dex: 11    Spells: 6/7 levels left

rFire   . . .      SeeInvis .    d - +0 dagger
rCold   . . .      Faith    .    (no shield)
rNeg    . . .      Spirit   .    (body armour unavailable)
rPois   .          Reflect  .    (helmet restricted)
rElec   .          Harm     .    (no cloak)
rCorr   .          Rampage  .    (no gloves)
Will    .....                    (no boots)
Stlth   ++........               (no amulet)
HPRegen 0.24/turn                (no ring)
MPRegen 0.10/turn                (no ring)

@: no status effects
A: AC +5, unfitting armour, cold-blooded
a: no special abilities


You were on level 2 of the Dungeon.
You visited 1 branch of the dungeon, and saw 2 of its levels.

You collected 37 gold pieces.

Inventory:

Hand Weapons
 d - a +0 dagger (weapon)
Missiles
 f - 3 curare-tipped darts
Armour
 g - a +0 chain mail
Scrolls
 b - a scroll of poison {unknown}
 h - a scroll of summoning {unknown}
Potions
 a - a potion of magic
 c - 2 potions of lignification {unknown}
 e - a potion of might {unknown}


   Skills:
 + Level 0.3 Fighting
 + Level 0.3 Short Blades
 + Level 2.0 Dodging
 + Level 2.0 Stealth
 + Level 0.7 Unarmed Combat
 + Level 2.5 Spellcasting
 + Level 4.7 Ice Magic


You had 6 spell levels left.
You knew the following spells:

 Your Spells              Type           Power      Damage    Failure   Level
a - Freeze                Ice            72%        1d8       2%          1

Your spell library contained the following spells:

 Spells                   Type           Power      Damage    Failure   Level
 Frozen Ramparts          Ice            36%        1d6       8%          3
 Ozocubu's Armour         Ice            18%        N/A       8%          3
 Summon Ice Beast         Ice/Summ       10%        N/A       56%         4


Dungeon Overview and Level Annotations

Branches:
Dungeon (2/15)

Altars:

Shops:
D:2 [(:


Innate Abilities, Weirdness & Mutations

Your plain brown scales are hard. (AC +5)
You cannot fit into any form of body armour.
You are cold-blooded and may be slowed by cold attacks.


Message History

You freeze the bat.
You kill the bat!
A gnoll comes into view. It is wielding a +0 whip.
Found a book of Air.
The gnoll shouts!
A dart slug and a gnoll come into view.
A gnoll comes into view. It is wielding a +0 halberd.
Found Egohut's Armour Emporium.
The gnoll shouts!
Found a ring mail.
The gnoll misses you.
Casting: Freeze (safe; 2% risk of failure)
Confirm with . or Enter, or press ? or * to list all spells.
Aiming: Freeze (safe; 2% risk of failure)
Press: ? - help, Shift-Dir - straight line, f - gnoll
Aim: a gnoll, wielding a +0 whip You freeze the gnoll.
The gnoll is lightly wounded.
The gnoll hits you with a +0 whip.
Casting: Freeze (safe; 2% risk of failure)
Confirm with . or Enter, or press ? or * to list all spells.
Aiming: Freeze (safe; 2% risk of failure)
Press: ? - help, Shift-Dir - straight line, f/p - gnoll
Aim: a gnoll, wielding a +0 whip (lightly wounded)
You freeze the gnoll.
The gnoll is heavily wounded.
The gnoll hits you but does no damage. The gnoll hits you with a +0 whip.
Casting: Freeze (safe; 2% risk of failure)
Confirm with . or Enter, or press ? or * to list all spells.
You don't have enough magic to cast this spell.
Unknown command.
Casting: Freeze (safe; 2% risk of failure)
Confirm with . or Enter, or press ? or * to list all spells.
You don't know that spell.
You completely miss the gnoll.
The gnoll is heavily wounded.
The gnoll hits you with a +0 whip.
The gnoll hits you from afar with a +0 halberd!
* * * LOW HITPOINT WARNING * * *
The gnoll attacks as you move away! The gnoll hits you with a +0 whip.
You die...

...........#
[..........#
8..∩..♣....#
...........#
...........####
∩.....∩.......#
.....wgg...##†##########
.....g.@................
...∩..∩..♣.##)##########
.....?#.##......
.∩......##..###.#
......####..: ... ......
##.## ..# ##... .# ..#
#.## ## ..


You could see 3 gnolls and a dart slug.

Vanquished Creatures
  Terence (D:2)
  A ball python (D:1)
  4 endoplasms
  4 goblins (D:1)
  4 hobgoblins
  6 jackals (D:1)
  4 kobolds
  A quokka (D:2)
  5 bats
  A frilled lizard (D:1)
  2 rats (D:1)
33 creatures vanquished.

Vanquished Creatures (others)
  2 plants (D:2)
2 creatures vanquished.

Grand Total: 35 creatures vanquished

Notes
Turn   | Place    | Note
-------+----------+-------------------------------------------
     0 | D:1      | AmazingPX the Draconian Ice Elementalist began the quest
                  | for the Orb.
     0 | D:1      | Reached XP level 1. HP: 14/14 MP: 3/3
   288 | D:1      | Reached XP level 2. HP: 20/20 MP: 3/5
   939 | D:1      | Reached XP level 3. HP: 26/26 MP: 3/6
  1020 | D:2      | Found Jolad's Antique Weapon Shop.
  1161 | D:2      | Found Fenoxzub's Book Boutique.
  1338 | D:2      | Noticed Terence
  1345 | D:2      | Killed Terence
  1352 | D:2      | Found Egohut's Armour Emporium.
  1357 | D:2      | Slain by a gnoll

Illustrated notes

Levels and vault maps discovered:
D:1:      dpeg_arrival_round_a, layout_basic
D:2:      layout_basic, serial_shops, shop_fountains, shop, shop,
          nicolae_shop_overgrown_old_shop, shop_fountains,
          hellmonk_ecumenical_altar_arch_garden, chequers_serial_rivers_room_a,
          minmay_misc_feat_x, serial_bayou_pond_c, kennysheep_generic_room_9,
          uniq_terence

Skill      XL: |  1  2  3 |
---------------+----------+-----
Dodging        | 2 |  2.0
Stealth        | 2 |  2.0
Fighting       | |  0.3
Short Blades   | |  0.3
Unarmed Combat | |  0.7
Spellcasting   | |  2.5
Ice Magic      | |  4.7

Action                   || total
-------------------------++-------
Melee: Unarmed           ||    19
       Tailslap          ||     8
       Dagger            ||    59
       Punch             ||     2
 Cast: Freeze            ||    39
 Stab: Sleeping          ||     2
Armor: Skin              ||    47
Dodge: Dodged            ||    70

Table legend: (Time is in decaauts)
 A = Elapsed time spent in this place.
 B = Non-inter-level travel time spent in this place.
 C = Inter-level travel time spent in this place.
 D = Time resting spent in this place.
 E = Time spent auto-exploring this place.
 F = Levels seen in this place.
 G = Mean time per level.
                   A        B        C        D        E       F      G
               +--------+--------+--------+--------+--------+-----+--------+
         Total |   1363 |   1352 |     11 |    130 |    687 |   2 |  681.5 |
       Dungeon |   1363 |   1352 |     11 |    130 |    687 |   2 |  681.5 |
               +--------+--------+--------+--------+--------+-----+--------+

Top non-repeatable levels by time:
     D:1: 1008 daAuts
     D:2: 355 daAuts
